Map: New Repugnancy LE

Players

SpeCial - Winner!

  • Race: Terran Terran
  • Spawn Location: 1:00

MCanning

  • Race: Protoss Protoss
  • Spawn Location: 7:00

Event: 2019 WCS Winter Americas

VOD

Have the link to the VOD?

Description

Time

  • Played on: Jan. 31, 2019, 2:06 p.m.
  • Length: 6:39

All games in this series

Show
View Real Time Build Order
Export as new Build Order

SpeCial Terran - Winner!

Build Orders:  

Get SALT Encoding   

  12  0:00  SCV  
  13  0:13  SCV  
  14  0:18  Supply Depot  
  14  0:25  SCV  
  15  0:39  SCV  
  15  0:41  Barracks  
  16  0:45  Refinery  
  16  0:51  SCV  
  16  0:55  Refinery  
  17  1:03  SCV  
  18  1:15  SCV  
  19  1:28  Orbital Command  
  19  1:29  Reaper  
  20  1:37  Supply Depot  
  20  1:44  Factory  
  20  1:54  SCV  
  20  2:01  Reaper  
  22  2:06  SCV  
  23  2:19  SCV  
  24  2:24  Command Center  
  24  2:31  SCV  
  24  2:33  Hellion  
  27  2:42  Starport  
  27  2:45  SCV  
  28  2:53  Supply Depot, Barracks Reactor  
  28  2:54  Factory Tech Lab  
  28  2:57  SCV  
  29  3:09  SCV  
  30  3:16  Cyclone, Supply Depot  
  33  3:28  SCV  
  33  3:29  Marine x2  
  33  3:30  Starport Tech Lab  
  36  3:38  Orbital Command  
  36  3:40  SCV  
  37  3:47  Marine x2  
  39  3:50  Banshee  
  39  3:53  SCV  
  43  3:59  Siege Tank  
  45  4:03  SCV  
  45  4:05  SCV, Marine x2  
  49  4:15  SCV  
  49  4:16  Supply Depot  
  50  4:17  SCV  
  50  4:23  Marine x2  
  53  4:27  SCV  
  53  4:29  SCV, Supply Depot  
  55  4:35  Siege Tank  
  58  4:39  SCV  
  58  4:40  Banshee  
  58  4:41  SCV  
  63  4:49  Marine x2  
  63  4:51  SCV, Supply Depot  
  66  4:55  Barracks  
  66  4:59  SCV  
  67  5:01  Barracks  
  67  5:04  SCV  
  67  5:06  Marine  
  67  5:07  Siege Tank, Marine  
  69  5:13  SCV  
  74  5:16  SCV  
  75  5:23  Banshee  
  75  5:26  SCV  
  79  5:30  SCV  
  79  5:31  Supply Depot  
  79  5:33  Marine  
  79  5:34  Marine  
  82  5:39  SCV  
  82  5:42  SCV  
  84  5:43  Engineering Bay  
  83  5:50  Marine x2  
  83  5:51  SCV  
  83  5:54  SCV  
  83  6:02  Marine x2  
  83  6:03  SCV  
  85  6:06  Viking  
  85  6:08  Bunker  
  85  6:09  SCV, Bunker  
  88  6:15  SCV  
  89  6:21  SCV  
  89  6:22  Refinery  
  88  6:27  SCV  
Show
View Real Time Build Order
Export as new Build Order

MCanning Protoss 

Build Orders: 1 Gate Expand, Colossus Rush 

Get SALT Encoding   

  12  0:00  Probe  
  13  0:12  Probe  
  14  0:18  Pylon  
  14  0:24  Probe  
  15  0:34  Probe  
  15  0:37  Gateway  
  15  0:42  Probe  
  16  0:47  Assimilator  
  17  0:51  Probe  
  18  1:03  Probe  
  19  1:15  Probe  
  20  1:26  Nexus  
  20  1:33  Cybernetics Core  
  20  1:37  Probe  
  21  1:43  Assimilator  
  21  1:51  Zealot, Pylon  
  23  2:08  Adept  
  23  2:09  Probe  
  23  2:13  Warp Gate  
  24  2:22  Probe  
  27  2:32  Stalker  
  27  2:34  Probe  
  28  2:43  Robotics Facility  
  30  2:47  Probe x2  
  32  2:59  Probe  
  32  3:00  Probe  
  33  3:06  Stalker  
  33  3:11  Probe  
  34  3:13  Probe  
  37  3:24  Probe  
  37  3:25  Probe  
  37  3:30  Shield Battery  
  37  3:36  Probe  
  37  3:37  Probe  
  37  3:39  Robotics Bay  
  37  3:40  Stalker  
  41  3:48  Probe  
  42  3:49  Warp Prism  
  42  3:50  Probe  
  42  4:02  Probe  
  46  4:06  Pylon  
  45  4:13  Pylon  
  45  4:14  Colossus  
  45  4:15  Gateway  
  45  4:17  Gateway  
  45  4:22  Pylon  
  45  4:26  Gravitic Drive  
  45  4:38  Sentry  
  53  4:40  Probe  
  53  4:41  Probe  
  55  4:49  Shield Battery  
  55  4:52  Probe  
  56  4:53  Probe  
  56  4:59  Assimilator  
  57  5:03  Assimilator  
  57  5:04  Probe  
  57  5:05  Probe  
  57  5:06  Observer  
  59  5:15  Stalker x2  
  59  5:16  Probe  
  59  5:20  Observer  
  62  5:21  Probe  
  64  5:28  Probe  
  64  5:33  Probe  
  64  5:35  Gateway  
  66  5:40  Probe  
  67  5:45  Probe  
  67  5:52  Probe  
  61  6:13  Adept x3  
Tags
 
Add a new tag
Caveats
  • Supply blocks, unpowered buildings, or Contaminate may cause inaccurate times.
  • Supply counts are checked every 10 seconds.